 Dungeon Crawl Stone Soup version 0.29.1-15-g9cfb28693d (webtiles) character file.

Game seed: 166238346672987800

5095 101zpm the Thaumaturge (level 10, -8/54 HPs)
             Began as a Djinni Fire Elementalist on Mar 6, 2023.
             Was a Believer of Hepliaklqana.
             Shot with an arrow by a centaur warrior (19 damage)
             ... on level 8 of the Dungeon.
             The game lasted 00:27:46 (13000 turns).

101zpm the Thaumaturge (Djinni Fire Elementalist)  Turns: 13000, Time: 00:27:46

Health: -8/54      AC: 11    Str:  7    XL:     10   Next: 87%
Gold:   383        EV:  7    Int: 22    God:    Hepliaklqana [**....] SH:  5 Dex: 13

rFire   + + .      SeeInvis .   p - staff of air
rCold   x . .      Faith    .   L - +2 buckler
rNeg    . . .      Spirit   .   H - +3 scale mail {Will+}
rPois   ∞          Reflect  .   (no helmet)
rElec   +          Harm     .   (no cloak)
rCorr   .          Rampage  .   E - +0 pair of gloves
Will    +++..                   (boots unavailable)
Stlth   +.........              (no amulet)
HPRegen 0.18/turn               x - ring of willpower
MPRegen 0.00/turn               (no ring)

@: flying
A: reduced essence, sickness immunity, fire resistance 2, cold vulnerability 1,
float, innate caster, HP casting, extra vitality 1
a: Renounce Religion, Ancestor Life: Knight, Ancestor Life: Battlemage, Ancestor
Life: Hexer, Recall Ancestor, Ancestor Identity


You were on level 8 of the Dungeon.
You worshipped Hepliaklqana.
Hepliaklqana was pleased with you.
You visited 2 branches of the dungeon, and saw 9 of its levels.

You collected 383 gold pieces.

Inventory:

Hand Weapons
 w - a +2 great sword of protection
Missiles
 q - 4 boomerangs
 F - 4 atropa-tipped darts
 G - 33 poisoned darts
Armour
 a - a +0 robe
 E - a +0 pair of gloves (worn)
 H - a +3 scale mail of willpower (worn)
 L - a +2 buckler (worn)
Magical Staves
 p - a staff of air (weapon)
Jewellery
 x - a ring of willpower (left hand)
Wands
 y - a wand of flame (2)
 I - a wand of mindburst (12)
 J - a wand of charming (4)
Scrolls
 g - a scroll of vulnerability {unknown}
 h - 2 scrolls of fear {unknown}
 i - 4 scrolls of teleportation
 k - a scroll of amnesia {unknown}
 l - 5 scrolls of enchant armour {unknown}
 n - a scroll of magic mapping {unknown}
 o - 5 scrolls of summoning
 u - a scroll of blinking {unknown}
 v - 5 scrolls of identify {unknown}
 B - a scroll of brand weapon {unknown}
 C - a scroll of butterflies {unknown}
 D - a scroll of enchant weapon {unknown}
 M - a scroll of noise {unknown}
Potions
 b - 2 potions of curing {unknown}
 c - a potion of degeneration {unknown}
 d - 3 potions of brilliance {unknown}
 e - 2 potions of flight {unknown}
 f - 2 potions of haste {unknown}
 j - a potion of resistance {unknown}
 m - 2 potions of heal wounds {unknown}
 r - 2 potions of invisibility {unknown}
 s - a potion of cancellation {unknown}
 t - 2 potions of berserk rage {unknown}
 z - 4 potions of might {unknown}
 A - 3 potions of mutation {unknown}
 K - 2 potions of lignification {unknown}


   Skills:
 + Level 0.5 Fighting
 + Level 3.4 Armour
 + Level 2.5 Dodging
 + Level 3.5 Stealth
 + Level 0.3 Shields
 + Level 11.3 Spellcasting


You had 9 spell levels left.
You knew the following spells:

 Your Spells              Type           Power      Damage    Failure   Level
a - Foxfire               Conj/Fire      100%       2x1d9     1%          1
b - Scorch                Fire           100%       2d10      1%          2
c - Conjure Flame         Conj/Fire      58%        6-21      2%          3
d - Inner Flame           Hex/Fire       58%        N/A       2%          3
e - Flame Wave            Conj/Fire      58%        2d14      8%          4
f - Sting                 Tmut/Pois      100%       1d8       1%          1
g - Static Discharge      Conj/Air       76%        3-13/arc  1%          2
h - Call Canine Familiar  Summ           58%        N/A       2%          3
i - Gell's Gravitas       Tloc           58%        N/A       2%          3
Your spell library was empty.

Dungeon Overview and Level Annotations

Branches:
Dungeon (8/15)             Temple (1/1) D:4
   Lair: D:8-11

Altars:
Cheibriados
Elyvilon
Fedhas
Hepliaklqana
Makhleb
Nemelex Xobeh
Okawaru
Qazlal
Ru
Trog
Uskayaw
Wu Jian
Xom
Zin
The Shining One

Shops:
D:5 [   D:7 (   D:8 !


Innate Abilities, Weirdness & Mutations

Your life essence is reduced to manifest your ancestor. (-10% HP)
You are immune to sickness and miasma.
You are immune to poison.
Your flesh is very heat resistant. (rF++)
You are vulnerable to cold. (rC-)
You float through the air rather than walking.
You learn spells naturally, not from books.
Your magical power is your life essence.
You have superior vitality. (+4 MHP)


Message History

You reach down and open the door.
Found a chain mail.
There is an open door here.
As you open the door, it creaks loudly!
There is an open door here.
There is an open door here.
There is an open door here.
There is a fountain of clear blue water here.
There is an open door here.
Found a glaive.
Found a stone staircase leading up.
A centaur warrior comes into view.
The centaur warrior shouts!
The centaur warrior wields a +0 longbow.
The centaur warrior shoots an arrow.
The arrow hits you.
Casting: Scorch (safe; 1% risk of failure)
Confirm with . or Enter, or press ? or * to list all spells.
Aiming: Inner Flame (dangerous; 2% risk of failure)
Press: ? - help, Dir - move target, f - centaur warrior
Aim: a centaur warrior, wielding a +0 longbow (chance to affect: 87%)
The centaur warrior is filled with an inner flame.
The centaur warrior shoots an arrow.
The arrow hits you!
Unknown command.
You conjure some foxfire!
The centaur warrior shoots an arrow.
You block the arrow.
The centaur warrior shoots an arrow.
The arrow closely misses you.
Casting: Foxfire (safe; 1% risk of failure)
Confirm with . or Enter, or press ? or * to list all spells.
The foxfire hits the centaur warrior but does no damage.
Casting: Call Canine Familiar (dangerous; 2% risk of failure)
Confirm with . or Enter, or press ? or * to list all spells.
You can't see any susceptible monsters within range! (Use Z to cast anyway.)
Casting: Foxfire (safe; 1% risk of failure)
Press: ? - help, Q - select action, (/) - cycle Dir - look around, f - activate You conjure some foxfire!
The centaur warrior shoots an arrow.
The arrow hits you!
* * * LOW HITPOINT WARNING * * *
Your foxfire dissipates!
The centaur warrior shoots an arrow.
The arrow hits you!!
You die...

#####...####..##....#
#.......#########
#....####
####..###..###
#####............#
#.........)......# #
..##...#........ # .
##v§##........ #
#hv@##........ #
#§§####......< #§.#
....... .§..# #######
.c....# #.....##
###... #... ####


You could see a centaur warrior (inner flame, ally target) and a friendly wolf
(summoned).

Vanquished Creatures
  3 two-headed ogres (D:8)
  Maggie (D:7)
  A hornet (D:8)
  Menkaure (D:7)
  An acid dragon (D:8)
  2 water moccasins
  A black bear (D:7)
  An orc warrior (D:6)
  An ice beast (D:5)
  A sky beast (D:8)
  2 ogres (D:4)
  A kobold brigand (D:7)
  3 bullfrogs
  3 necrophages
  A scorpion (D:7)
  A gnoll sergeant (D:8)
  4 killer bees (D:8)
  3 howler monkeys (D:8)
  6 hounds
  2 gnoll boudas
  2 orc priests
  A jelly (D:7)
  3 iguanas
  A scorpion zombie (D:3)
  Terence (D:3)
  4 orc wizards
  Ijyb (D:5)
  Natasha (thrice) (D:3)
  10 gnolls
  2 river rats (D:5)
  12 adders
  A shadow imp (D:6)
  2 white imps
  An ufetubus (D:6)
  2 adder skeletons (D:3)
  3 worms
  7 dart slugs
  16 orcs
  4 endoplasms (D:1)
  A giant cockroach (D:1)
  9 goblins
  2 hobgoblins
  6 jackals
  2 quokkas
  10 ball pythons
  2 bats (D:1)
  4 frilled lizards
  18 kobolds
  10 rats
179 creatures vanquished.

Vanquished Creatures (collateral kills)
  A necrophage (D:7)
  An orc (D:8)
2 creatures vanquished.

Vanquished Creatures (others)
  430 foxfires
  4 toadstools (D:1)
434 creatures vanquished.

Grand Total: 615 creatures vanquished

Notes
Turn   | Place    | Note
-------+----------+-------------------------------------------
     0 | D:1      | 101zpm the Djinni Fire Elementalist began the quest for the
                  | Orb.
     0 | D:1      | 101zpm set off with the following spells memorised:
                  | Foxfire, Scorch, Conjure Flame, Inner Flame, Flame Wave.
     0 | D:1      | Reached XP level 1. HP: 15/15 MP: 0/0
   436 | D:1      | Reached XP level 2. HP: 17/21 MP: 0/0
   655 | D:1      | Reached skill level 3 in Spellcasting
   655 | D:1      | Reached XP level 3. HP: 20/25 MP: 0/0
   655 | D:1      | Learned a level 1 spell: Sting
  2250 | D:3      | Reached XP level 4. HP: 11/31 MP: 0/0
  2483 | D:3      | Noticed a bullfrog
  2485 | D:3      | Killed a bullfrog
  2486 | D:3      | Reached XP level 5. HP: 30/35 MP: 0/0
  2486 | D:3      | Learned a level 2 spell: Static Discharge
  2657 | D:3      | Noticed Terence
  2663 | D:3      | Killed Terence
  2664 | D:3      | Reached skill level 4 in Spellcasting
  3326 | D:3      | Reached XP level 6. HP: 16/40 MP: 0/0
  3869 | D:3      | Noticed Natasha
  3877 | D:3      | Killed Natasha
  4570 | D:2      | Found a faded altar of an unknown god.
  4703 | D:2      | Reached skill level 5 in Spellcasting
  5382 | D:4      | Noticed an ogre
  5384 | D:4      | Killed an ogre
  5385 | D:4      | Reached XP level 7. HP: 26/45 MP: 0/0
  5385 | D:4      | Learned a level 3 spell: Call Canine Familiar
  6054 | D:4      | Found a staircase to the Ecumenical Temple.
  6068 | Temple   | Entered the Ecumenical Temple
  6295 | Temple   | Became a worshipper of Hepliaklqana the Forgotten
  6683 | D:4      | Reached skill level 6 in Spellcasting
  7440 | D:5      | Entered Level 5 of the Dungeon
  7492 | D:5      | Reached XP level 8. HP: 45/50 MP: 0/0
  7722 | D:5      | Noticed Ijyb
  7725 | D:5      | Killed Ijyb
  7895 | D:5      | Reached skill level 7 in Spellcasting
  8395 | D:5      | Reached * piety under Hepliaklqana
  8490 | D:5      | Found Geberal's Antique Armour Boutique.
  9354 | D:6      | Reached XP level 9. HP: 41/49 MP: 0/0
  9354 | D:6      | Learned a level 3 spell: Gell's Gravitas
  9581 | D:3      | Noticed Natasha
  9583 | D:3      | Killed Natasha
  9584 | D:3      | Reached skill level 8 in Spellcasting
  9596 | D:3      | Noticed Natasha
  9598 | D:3      | Killed Natasha
 10364 | D:7      | Noticed Maggie
 10371 | D:7      | Killed Maggie
 10372 | D:7      | Reached skill level 9 in Spellcasting
 10661 | D:7      | Noticed Menkaure
 10663 | D:7      | Killed Menkaure
 10726 | D:7      | Found Rurix's Antique Weapon Shoppe.
 10766 | D:7      | Reached skill level 1 in Armour
 11444 | D:8      | Reached ** piety under Hepliaklqana
 11773 | D:8      | Noticed a hornet
 11775 | D:8      | Noticed a two-headed ogre
 11777 | D:8      | Noticed a two-headed ogre
 11778 | D:8      | Killed a hornet
 11778 | D:8      | Killed a two-headed ogre
 11779 | D:8      | Reached skill level 10 in Spellcasting
 11779 | D:8      | Reached XP level 10. HP: 33/54 MP: 0/0
 11784 | D:8      | Killed a two-headed ogre
 11973 | D:8      | Found Leiqur's Distillery.
 12063 | D:8      | Found a sparkling altar of Nemelex Xobeh.
 12110 | D:8      | Reached skill level 11 in Spellcasting
 12323 | D:8      | Noticed a two-headed ogre
 12328 | D:8      | Killed a two-headed ogre
 12995 | D:8      | Noticed a centaur warrior
 13000 | D:8      | Shot with an arrow by a centaur warrior

Illustrated notes

Levels and vault maps discovered:
D:1:      ldierk_water_garden, layout_loops_ring, kennysheep_boxes
D:2:      layout_basic, hellmonk_ecumenical_altar_leap_of_faith,
          minmay_tromino_v4_c
D:3:      layout_loops_corners, serial_undead, serial_undead_c, serial_undead_d,
          serial_undead_e, serial_undead_a, cheibrodos_gnoll_hut, uniq_terence,
          uniq_natasha
D:4:      minmay_clustersquares, layout_basic, minmay_temple_entry_overgrown,
          chequers_jeans
D:5:      layout_basic, lightli_sewer_entry_pipes, serial_shops, shop, uniq_ijyb
D:6:      kennysheep_six_static_rooms, layout_cave_pods, kennysheep_another_room
D:7:      layout_loops_ring, serial_shops, shop, solitary_fountain,
          minmay_crossroads, uniq_maggie, uniq_menkaure
D:8:      layout_cave_pods, serial_shops, shop, serial_park, serial_park_square3
          [serial_park_minivault_5x5_4], serial_park_tiny_pond,
          serial_park_central [serial_park_minivault_5x5_1,
          serial_park_minivault_5x5_4], nicolae_sextant
Temple:   regret_index_temple_mists

Skill      XL: |  1  2  3  4  5  6  7  8  9 10 |
---------------+-------------------------------+-----
Spellcasting   | 3 4 5 6 7 10 11 | 11.3
Stealth        | 2 3 |  3.5
Armour         | 2 3 |  3.4
Fighting       | |  0.5
Dodging        | |  2.5
Shields        | |  0.3

Action                   |  1- 3 |  4- 6 |  7- 9 | 10-12 || total
-------------------------+-------+-------+-------+-------++-------
Melee: Unarmed           |     1 |       |       |       ||     1
 Cast: Foxfire           |    87 |    74 |    92 |    12 ||   265
       Scorch            |    11 |    34 |    59 |     8 ||   112
       Inner Flame       |       |    13 |    75 |    12 ||   100
       Sting             |       |     1 |       |       ||     1
       Call Canine Famil |       |       |    15 |     2 ||    17
       Gell's Gravitas   |       |       |       |     2 ||     2
  Use: Scroll            |       |       |     2 |       ||     2
Armor: Robe              |     1 |       |       |       ||     1
       Scale mail        |       |       |     2 |     1 ||     3
Dodge: Dodged            |     3 |     8 |     5 |     4 ||    20
Block: Buckler           |       |       |       |     7 ||     7
